SKY
BOSTON RED SOX @ NEW YORK METS
09/26/2051
 
TOP OF THE 1ST
Boston Red Sox batting - Pitching for New York Mets : LHP Adam Swanson
Pitching: LHP Adam Swanson
Batting: RHB Jalen Duke 0-0: Ball
1-0: Called Strike
1-1: Ball
2-1: Ground out 6-3 (Groundball, 6M, EV 109.4 MPH)
Batting: LHB Robin Carter 0-0: Ball
1-0: Foul Ball, location: 2F
1-1: Called Strike
1-2: Foul Ball, location: 3F
1-2: Fly out, F8 (Flyball, 8LD, EV 100.6 MPH)
Batting: RHB Edilberto García 0-0: Ball
1-0: Ball
2-0: Called Strike
2-1: Called Strike
2-2: Foul Ball, location: 5F
2-2: Ball
3-2: Strikes out swinging
Top of the 1st over - 0 runs, 0 hits, 0 errors, 0 left on base; Boston 0 - New York 0
BOTTOM OF THE 1ST
New York Mets batting - Pitching for Boston Red Sox : RHP Conrad Strong
Pitching: RHP Conrad Strong
Batting: LHB Elih Zelaya 0-0: Called Strike
0-1: Ball
1-1: Called Strike
1-2: Ground out U3 (Groundball, 34, EV 78.1 MPH)
Batting: RHB Jonathan Mitchell 0-0: Ball
1-0: Ball
2-0: Ball
3-0: Called Strike
3-1: SOLO HOME RUN (Flyball, 7D, EV 96.3 MPH), Distance : 372 ft
Batting: SHB Cristopher Betancourt 0-0: Ball
1-0: Ball
2-0: Ground out 4-3 (Groundball, 4, EV 87.5 MPH)
Batting: SHB Emmanuel González 0-0: Fly out, F8 (Line Drive, 8LXD, EV 93.8 MPH)
Bottom of the 1st over - 1 run, 1 hit, 0 errors, 0 left on base; Boston 0 - New York 1
TOP OF THE 2ND
Boston Red Sox batting - Pitching for New York Mets : LHP Adam Swanson
Batting: RHB William Spicer 0-0: Ball
1-0: Foul Ball, location: 2F
1-1: Swinging Strike
1-2: Strikes out swinging
Batting: SHB Christian Gibbs 0-0: Called Strike
0-1: Ball
1-1: Foul Ball, location: 25F
1-2: Ball
2-2: Strikes out swinging
Batting: RHB Alastair Cooledge 0-0: Ball
1-0: Ball
2-0: Ball
3-0: Called Strike
3-1: Called Strike
3-2: Strikes out swinging
Top of the 2nd over - 0 runs, 0 hits, 0 errors, 0 left on base; Boston 0 - New York 1
BOTTOM OF THE 2ND
New York Mets batting - Pitching for Boston Red Sox : RHP Conrad Strong
Batting: LHB Daryl Henderson 0-0: Fly out, F6 (Line Drive, 6M, EV 68.8 MPH)
Batting: RHB Javin Hall 0-0: Ball
1-0: Called Strike
1-1: Ball
2-1: Foul Ball, location: 5F
2-2: Foul Ball, location: 5DF
2-2: Ball
3-2: Base on Balls
Batting: LHB Gonzalo Morzaroti 0-0: SINGLE (Groundball, 34D, EV 106.3 MPH)
Javin Hall to second
Runner from 2nd tries for 3rd, SAFE, no throw by RF
Batting: RHB Jeremy Zimmerman 0-0: Ball
1-0: Swinging Strike
1-1: Ball
2-1: Foul Ball, location: 2F
2-2: Foul Ball, location: 7LMFF
2-2: Foul Ball, location: 5FF
2-2: Ball
3-2: Base on Balls
Gonzalo Morzaroti to second
Batting: LHB Enrique Reyna 0-0: Foul Ball, location: 2F
0-1: Ball
1-1: Foul Ball, location: 2RF
1-2: Ball
2-2: Ball
3-2: Grounds into double play, 6-4-3 (Groundball, 6, EV 102.5 MPH)
Bottom of the 2nd over - 0 runs, 1 hit, 0 errors, 2 left on base; Boston 0 - New York 1
TOP OF THE 3RD
Boston Red Sox batting - Pitching for New York Mets : LHP Adam Swanson
Batting: RHB Liam Sena 0-0: Ball
1-0: Ground out 6-3 (Groundball, 6, EV 91.9 MPH)
Batting: RHB Ruben Otero 0-0: Foul Ball, location: 3F
0-1: Ball
1-1: Foul Ball, location: 2F
1-2: Fly out, F8 (Flyball, 89S, EV 74.4 MPH)
Batting: RHB Pooh Whitney 0-0: Ball
1-0: Foul Ball, location: 25F
1-1: Swinging Strike
1-2: Strikes out swinging
Top of the 3rd over - 0 runs, 0 hits, 0 errors, 0 left on base; Boston 0 - New York 1
BOTTOM OF THE 3RD
New York Mets batting - Pitching for Boston Red Sox : RHP Conrad Strong
Batting: LHB Elih Zelaya 0-0: Ball
1-0: Foul Ball, location: 5SF
1-1: Ground out 1-3 (Groundball, 34S, EV 63.1 MPH)
Batting: RHB Jonathan Mitchell 0-0: SINGLE (Flyball, 34D, EV 90.6 MPH)
Batting: SHB Cristopher Betancourt 0-0: Swinging Strike
0-1: Ball
1-1: Foul Ball, location: 9LMF
1-2: Ball
2-2: Strikes out swinging
Batting: SHB Emmanuel González 0-0: Called Strike
0-1: Ball
1-1: Swinging Strike
1-2: Ball
2-2: Ball
Jonathan Mitchell steals 2nd base
3-2: Foul Ball, location: 7LSF
3-2: Foul Ball, location: 2F
3-2: Fly out, F7 (Flyball, 78M, EV 80.0 MPH)
Bottom of the 3rd over - 0 runs, 1 hit, 0 errors, 1 left on base; Boston 0 - New York 1
TOP OF THE 4TH
Boston Red Sox batting - Pitching for New York Mets : LHP Adam Swanson
Batting: RHB Jalen Duke 0-0: Ball
1-0: Foul Ball, location: 2F
1-1: Fly out, F7 (Flyball, 78M, EV 93.1 MPH)
Batting: LHB Robin Carter 0-0: Swinging Strike
0-1: Ball
1-1: Swinging Strike
1-2: Foul Ball, location: 5F
1-2: Strikes out swinging
Batting: RHB Edilberto García 0-0: Ball
1-0: Fly out, F3 (Popup, 3S, EV 86.3 MPH)
Top of the 4th over - 0 runs, 0 hits, 0 errors, 0 left on base; Boston 0 - New York 1
BOTTOM OF THE 4TH
New York Mets batting - Pitching for Boston Red Sox : RHP Conrad Strong
Batting: LHB Daryl Henderson 0-0: Ball
1-0: Ball
2-0: Foul Ball, location: 9LMF
2-1: Called Strike
2-2: Ball
3-2: Foul Ball, location: 2F
3-2: Reached on error, E5 (Groundball, 56, EV 101.3 MPH)
Batting: RHB Javin Hall 0-0: Called Strike
0-1: Ball
1-1: Ball
2-1: Called Strike
2-2: Foul Ball, location: 2F
2-2: Ball
3-2: Foul Ball, location: 9LSFF
3-2: Ground out 5-3 (Groundball, 5S, EV 84.4 MPH)
Daryl Henderson to second
Batting: LHB Gonzalo Morzaroti 0-0: Ball
Daryl Henderson steals 3rd base
1-0: SINGLE (Line Drive, 9LS, EV 97.5 MPH)
Daryl Henderson scores
Batting: RHB Jeremy Zimmerman 0-0: SINGLE (Groundball, 6S, EV 66.3 MPH) (infield hit)
Gonzalo Morzaroti to second
Batting: LHB Enrique Reyna 0-0: Fly out, F9 (Flyball, 9, EV 92.5 MPH)
Batting: LHB Elih Zelaya 0-0: Fly out, F8 (Line Drive, 8RM, EV 90.0 MPH)
Bottom of the 4th over - 1 run, 2 hits, 1 error, 2 left on base; Boston 0 - New York 2
TOP OF THE 5TH
Boston Red Sox batting - Pitching for New York Mets : LHP Adam Swanson
Batting: RHB William Spicer 0-0: Swinging Strike
0-1: Swinging Strike
0-2: Foul Ball, location: 9LSF
0-2: Strikes out swinging
Batting: SHB Christian Gibbs 0-0: Called Strike
0-1: Ball
1-1: Called Strike
1-2: Ball
2-2: Ball
3-2: Strikes out swinging
Batting: RHB Alastair Cooledge 0-0: Swinging Strike
0-1: Fly out, F8 (Flyball, 89D, EV 101.3 MPH)
Top of the 5th over - 0 runs, 0 hits, 0 errors, 0 left on base; Boston 0 - New York 2
BOTTOM OF THE 5TH
New York Mets batting - Pitching for Boston Red Sox : RHP Conrad Strong
Batting: RHB Jonathan Mitchell 0-0: Called Strike
0-1: Ball
1-1: Swinging Strike
1-2: DOUBLE (Line Drive, 7LM, EV 94.4 MPH)
Batting: SHB Cristopher Betancourt 0-0: Called Strike
0-1: Foul Ball, location: 7LDF
0-2: Ball
1-2: Ball
2-2: Foul Ball, location: 2F
2-2: Strikes out looking
Batting: SHB Emmanuel González 0-0: Called Strike
0-1: Swinging Strike
0-2: Ball
1-2: Ball
2-2: Foul Ball, location: 2F
2-2: Strikes out swinging
Batting: LHB Daryl Henderson 0-0: Called Strike
0-1: Ball
1-1: Ball
2-1: Foul Ball, location: 5SF
2-2: SINGLE (Line Drive, 34, EV 102.5 MPH)
Jonathan Mitchell to third
Runner from 3rd tries for Home, SAFE, throw by RF to home
Pitching: RHP C.J. Castle
Batting: RHB Javin Hall 0-0: Called Strike
Daryl Henderson is caught stealing 2nd base 2-4
Bottom of the 5th over - 1 run, 2 hits, 0 errors, 0 left on base; Boston 0 - New York 3
TOP OF THE 6TH
Boston Red Sox batting - Pitching for New York Mets : LHP Adam Swanson
Batting: RHB Liam Sena 0-0: Fly out, F6 (Popup, 6, EV 58.1 MPH)
Batting: RHB Ruben Otero 0-0: Ball
1-0: Ground out 5-3 (Groundball, 5, EV 106.9 MPH)
Batting: RHB Pooh Whitney 0-0: Ball
1-0: Ball
2-0: Ball
3-0: Base on Balls
Batting: RHB Jalen Duke 0-0: Fly out, F9 (Flyball, 9D, EV 94.4 MPH)
Top of the 6th over - 0 runs, 0 hits, 0 errors, 1 left on base; Boston 0 - New York 3
BOTTOM OF THE 6TH
New York Mets batting - Pitching for Boston Red Sox : RHP C.J. Castle
Batting: RHB Javin Hall 0-0: Ball
1-0: Called Strike
1-1: Ball
2-1: Foul Ball, location: 9LMF
2-2: Strikes out swinging
Batting: LHB Gonzalo Morzaroti 0-0: Called Strike
0-1: Swinging Strike
0-2: Ball
1-2: Strikes out looking
Batting: RHB Jeremy Zimmerman 0-0: Called Strike
0-1: Ground out 6-3 (Groundball, 6M, EV 101.9 MPH)
Bottom of the 6th over - 0 runs, 0 hits, 0 errors, 0 left on base; Boston 0 - New York 3
TOP OF THE 7TH
Boston Red Sox batting - Pitching for New York Mets : LHP Adam Swanson
Batting: LHB Robin Carter 0-0: Called Strike
0-1: Fly out, F8 (Flyball, 78D, EV 94.4 MPH)
Batting: RHB Edilberto García 0-0: Ball
1-0: Ball
2-0: Ball
3-0: Base on Balls
Batting: RHB William Spicer 0-0: Ball
1-0: Foul Ball, location: 2F
1-1: Foul Ball, location: 9LMF
1-2: Strikes out looking
Batting: SHB Christian Gibbs 0-0: Fielders Choice at 2nd, 6-4 (Groundball, 6, EV 78.8 MPH)
Top of the 7th over - 0 runs, 0 hits, 0 errors, 1 left on base; Boston 0 - New York 3
BOTTOM OF THE 7TH
New York Mets batting - Pitching for Boston Red Sox : RHP C.J. Castle
Batting: LHB Enrique Reyna 0-0: Ball
1-0: Ball
2-0: Ball
3-0: Base on Balls
Batting: LHB Elih Zelaya 0-0: Ball
1-0: Ball
2-0: Foul Ball, location: 25F
2-1: Foul Ball, location: 25F
2-2: Strikes out looking
Batting: RHB Jonathan Mitchell 0-0: Called Strike
0-1: Ball
1-1: Fielders Choice at 2nd, 1-4 (Groundball, P, EV 76.3 MPH)
Batting: SHB Cristopher Betancourt 0-0: Called Strike
0-1: Ball
1-1: Foul Ball, location: 23F
1-2: Strikes out swinging
Bottom of the 7th over - 0 runs, 0 hits, 0 errors, 1 left on base; Boston 0 - New York 3
TOP OF THE 8TH
Boston Red Sox batting - Pitching for New York Mets : LHP Adam Swanson
Batting: RHB Alastair Cooledge 0-0: Ball
1-0: Fly out, F8 (Flyball, 8LM, EV 95.6 MPH)
Batting: RHB Liam Sena 0-0: Ball
1-0: Called Strike
1-1: Ball
2-1: Ball
3-1: Base on Balls
Batting: RHB Ruben Otero 0-0: Ball
1-0: Ball
2-0: Ball
3-0: Called Strike
3-1: Called Strike
3-2: Base on Balls
Liam Sena to second
Batting: RHB Pooh Whitney 0-0: Ball
1-0: Grounds into double play, 5-4-3 (Groundball, 56S, EV 80.6 MPH)
Top of the 8th over - 0 runs, 0 hits, 0 errors, 1 left on base; Boston 0 - New York 3
BOTTOM OF THE 8TH
New York Mets batting - Pitching for Boston Red Sox : RHP C.J. Castle
Batting: SHB Emmanuel González 0-0: Swinging Strike
0-1: Ball
1-1: Ball
2-1: Swinging Strike
2-2: Ball
3-2: Strikes out swinging
Batting: LHB Daryl Henderson 0-0: Ball
1-0: Ball
2-0: Fly out, F5 (Popup, 5, EV 76.3 MPH)
Batting: RHB Javin Hall 0-0: Foul Ball, location: 2F
0-1: Ball
1-1: SOLO HOME RUN (Flyball, 7LD, EV 94.4 MPH), Distance : 338 ft
Batting: LHB Gonzalo Morzaroti 0-0: Called Strike
0-1: SINGLE (Groundball, 4MD, EV 103.1 MPH)
Pitching: RHP Sidney Castro
Batting: RHB Jeremy Zimmerman 0-0: Ball
1-0: Foul Ball, location: 9LDF
1-1: SINGLE (Groundball, 56D, EV 103.8 MPH)
Gonzalo Morzaroti to second
Batting: LHB Enrique Reyna 0-0: Ball
1-0: Swinging Strike
1-1: Foul Ball, location: 2F
1-2: Foul Ball, location: 25F
1-2: Foul Ball, location: 3SF
1-2: Strikes out swinging
Bottom of the 8th over - 1 run, 3 hits, 0 errors, 2 left on base; Boston 0 - New York 4
TOP OF THE 9TH
Boston Red Sox batting - Pitching for New York Mets : LHP Adam Swanson
Batting: RHB Jalen Duke 0-0: Fly out, F2 (Popup, 2L, EV 88.8 MPH)
Batting: LHB Robin Carter 0-0: Ball
1-0: Swinging Strike
1-1: Foul Ball, location: 2LF
1-2: Strikes out looking
Batting: RHB Edilberto García 0-0: Foul Ball, location: 9LDF
0-1: Ball
1-1: Fly out, F8 (Flyball, 8LM, EV 86.3 MPH)
Top of the 9th over - 0 runs, 0 hits, 0 errors, 0 left on base; Boston 0 - New York 4
Sunday, March 31st , 2024 - OOTP Baseball 24.11 Build 85